 Dungeon Crawl Stone Soup version 0.27-a0-1099-g7f87ac42b0 (webtiles) character file.

Game seed: 708963456440437179

27902 Feb132020 the Geomancer (level 13, -1/74 HPs)
             Began as a Gargoyle Earth Elementalist on Apr 27, 2021.
             Was an Elder of Sif Muna.
             Slain by an orc warrior
             ... wielding a +0 mace
              (12 damage)
             ... on level 2 of the Orcish Mines on Apr 28, 2021.
             The game lasted 01:45:43 (23795 turns).

Feb132020 the Geomancer (GrEE)                     Turns: 23795, Time: 01:45:43

Health: -1/74      AC: 22    Str: 18    XL:     13   Next: 35%
Magic:  15/27      EV: 13    Int: 26    God:    Sif Muna [****..]
Gold:   704        SH:  9    Dex: 11    Spells: 17/32 levels left

rFire    . . .     SeeInvis .   x - +3 mace (protect)
rCold    . . .     Faith    .   g - +0 buckler
rNeg     + + .     Spirit   .   N - +1 leather armour "Qapsisun" {*Corrode rN+ Str+3}
rPois    ∞         Reflect  +   n - +1 helmet
rElec    +         Harm     .   O - +2 cloak {Stlth+}
rCorr    .         Rampage  .   p - +1 pair of gloves {Str+3}
Will     .....                  i - +0 pair of boots
Stlth    ++++......             M - amulet of reflection
HPRegen  0.22/turn              G - +6 ring of intelligence
MPRegen  0.20/turn              (no ring)

@: no status effects
A: AC +9, negative energy resistance 1, electricity resistance, torment
resistance 1, unbreathing 1, petrification resistance
a: Renounce Religion, Channel Magic, Forget Spell, Divine Exegesis


You were on level 2 of the Orcish Mines.
You worshipped Sif Muna.
Sif Muna was greatly pleased with you.
You visited 4 branches of the dungeon, and saw 17 of its levels.
You also visited: Bailey and Gauntlet.

You collected 1312 gold pieces.
You spent 608 gold pieces at shops.

Inventory:

Hand Weapons
 a - a +0 club
 k - a +4 whip of flaming
 r - a +0 mace
 x - a +3 mace of protection (weapon)
Missiles
 b - 192 stones
 e - 3 curare-tipped darts
 j - 44 poisoned darts
 m - a throwing net
Armour
 c - a +0 robe
 g - a +0 buckler (worn)
 h - a +0 leather armour
 i - a +0 pair of boots (worn)
 l - a +0 cloak
 n - a +1 helmet (worn)
 p - a +1 pair of gloves of strength (worn)
 C - a scarf of shadows
 E - a +0 pair of gloves
 N - the +1 leather armour "Qapsisun" (worn) {*Corrode rN+ Str+3}
   (You found it on level 11 of the Dungeon)

   It affects your strength (+3).
   It protects you from negative energy.
   It may corrode you when you take damage.
 O - a +2 cloak of stealth (worn)
 Q - a +2 robe of fire resistance
Jewellery
 B - an amulet of guardian spirit
 G - a +6 ring of intelligence (left hand)
 K - a ring of fire
 M - an amulet of reflection (around neck)
Wands
 z - a wand of polymorph (11)
 A - a wand of paralysis (7)
 H - a wand of mindburst (15)
 I - a wand of iceblast (10)
Scrolls
 d - 4 scrolls of blinking
 o - a scroll of fog
 y - 2 scrolls of amnesia
Potions
 f - 3 potions of curing
 q - 3 potions of brilliance
 s - 2 potions of berserk rage
 t - a potion of might
 u - 3 potions of flight
 w - a potion of lignification
 D - a potion of heal wounds
 F - a potion of magic
 J - a potion of haste
 L - 2 potions of ambrosia
 P - a potion of mutation {unknown}


   Skills:
 + Level 6.1 Fighting
 + Level 9.1 Maces & Flails
 + Level 1.0 Throwing
 + Level 1.5 Armour
 + Level 6.0 Dodging
 + Level 6.0 Stealth
 + Level 2.1 Shields
 + Level 10.4 Spellcasting
 + Level 5.6 Conjurations
 + Level 0.9 Transmutations
 + Level 13.1 Earth Magic
 * Level 6.7 Invocations


You had 17 spell levels left.
You knew the following spells:

 Your Spells              Type           Power      Damage    Failure   Level
a - Sandblast             Erth           100%       2d20      1%          1
b - Stone Arrow           Conj/Erth      100%       3d13      1%          3
l - Lee's Rapid Deconstr  Erth           34%        3d18*     1%          5
p - Passwall              Tmut/Erth      41%        N/A       1%          2
P - Petrify               Tmut/Erth      50%        N/A       3%          4

Your spell library contained the following spells:

 Spells                   Type           Power      Damage    Failure   Level
 Foxfire                  Conj/Fire      100%       2x1d9     1%          1
 Magic Dart               Conj           100%       1d8       1%          1
 Searing Ray              Conj           86%        3d6       1%          2
 Leda's Liquefaction      Hex/Erth       23%        N/A       4%          4
 Conjure Flame            Conj/Fire      28%        6-21      6%          3
 Dazzling Flash           Conj/Hex       56%        N/A       6%          3
 Corona                   Hex            14%        N/A       7%          1
 Slow                     Hex            13%        N/A       10%         2
 Inner Flame              Hex/Fire       13%        N/A       21%         3
 Portal Projectile        Hex/Tloc       26%        N/A       21%         3
 Fulminant Prism          Conj/Hex       14%        3d9       21%         4
 Iskenderun's Mystic Bla  Conj/Tloc      28%        2d7       21%         4
 Sticky Flame             Conj/Fire      28%        2d5       21%         4
 Ice Form                 Ice/Tmut       16%        N/A       47%         4
 Fireball                 Conj/Fire      14%        3d8       50%         5
 Cause Fear               Hex            6%         N/A       54%         4
 Summon Ice Beast         Ice/Summ       13%        N/A       54%         4
 Freezing Cloud           Conj/Ice/Air   11%        6-21      99%         6
 Simulacrum               Ice/Necr       6%         N/A       100%        6
 Ozocubu's Refrigeration  Ice            6%         4d6       100%        7


Dungeon Overview and Level Annotations

Branches:
Dungeon (11/15)            Temple (1/1) D:4            Lair (3/6) D:8
 Shoals (0/4) Lair:3          Orc (2/2) D:11            Elf (0/3) Orc:2
 Bailey (visited)         Gauntlet (visited)
  Snake: Lair:2-4    Spider: Lair:2-4

Altars:
Cheibriados
Dithmenos
Elyvilon
Fedhas
Gozag
Hepliaklqana
Kikubaaqudgha
Nemelex Xobeh
Qazlal
Ru
Sif Muna
Trog
Vehumet
Wu Jian
Xom
Yredelemnul
Zin
The Shining One
Beogh

Shops:
D:7 (   D:8 (   D:11 [?!([   Orc:2 ([

Annotations:
D:2 Terence
D:6 Edmund
D:10 2 runed translucent doors, exclusion: orange crystal statue
Lair:2 exclusion: oklob plant


Innate Abilities, Weirdness & Mutations

Your stone body is resilient. (AC +9)
You are immune to poison.
You resist negative energy. (rN+)
You are resistant to electric shocks. (rElec)
You are resistant to unholy torment.
You can survive without breathing.
You are immune to petrification.


Message History

Casting: Sandblast (safe; 1% risk of failure)
Confirm with . or Enter, or press ? or * to list all spells.
Aiming: Sandblast (safe; 1% risk of failure)
Press: ? - help, Shift-Dir - straight line, f - orc
Aim: an orc, wielding a +0 hand axe and wearing a +0 scale mail (86% to hit)
The blast of sand hits the orc!
You kill the orc!
Sif Muna accepts your kill.
The orc knight roars a battlecry!
The orcs go into a battle-frenzy!
An orc wizard comes into view. It is wielding a +0 dagger.
The orc closely misses you.
An orc comes into view. It is wielding a +0 hand axe.
The orc hits you but does no damage. You block the orc warrior's attack.
Things that are here:
a +0 hand axe; a +0 scale mail; an orc corpse The orc wizard gestures at you while chanting.
You are confused.
The orc warrior closely misses you.
You feel better.
The orc warrior hits you with a +0 mace!
* * * LOW HITPOINT WARNING * * *
You block the orc's attack. The orc warrior barely misses you.
The orc hits you with a +0 flail!
* * * LOW HITPOINT WARNING * * *
The orc closely misses you.
The orc no longer looks unusually strong.
The orc warrior no longer looks unusually strong.
The orc wizard no longer looks unusually strong.
The orc no longer looks unusually strong.
The orc warrior shouts!
You hear a shout! x2; You hear two shouts!
The orc knight roars a battlecry!
The orcs go into a battle-frenzy!
There is a stone staircase leading down here.
You climb downwards.
Reactivating autopickup.
There is a stone staircase leading up here.
You completely miss the orc warrior.
The orc warrior hits you with a +0 mace!
You die...

##......................#.
##.........................
#.......#.........#.....#.#.
.....#...#.............
....###.#....).........
...## ####........##.. #.##
###.#.#.## ...# ####...#
..#### ##@#...... ...#.##
#.o.....#. ......# ##.#...##
......# ####..# ..#...# ....
...#.## .... ...### ... #.##
... ###


You could see an orc warrior.

Vanquished Creatures
  A hydra (D:11)
  Erica (Orc:1)
  2 two-headed ogres (D:10)
  An orc knight (Orc:2)
  5 orc sorcerers
  2 centaur zombies (D:11)
  4 elephants (Lair:2)
  A torpor snail (Lair:1)
  A kobold demonologist (D:11)
  2 cane toads
  A rime drake (Lair:3)
  10 komodo dragons
  6 trolls
  A merfolk (D:9)
  A polar bear (Lair:2)
  5 slime creatures
  8 blink frogs
  2 shadows
  32 yaks
  2 basilisks
  Menkaure (D:6)
  2 wargs
  6 water moccasins
  An acid dragon (D:11)
  3 ice beasts
  27 orc warriors
  A hornet zombie (D:8)
  2 black bears (D:8)
  5 ogres
  A phantom (D:5)
  2 centaurs
  A kobold brigand (D:8)
  7 scorpions
  7 bullfrogs
  5 killer bees (D:8)
  A howler monkey (D:7)
  A bullfrog zombie (D:5)
  2 hounds
  10 orc priests
  A jelly (D:5)
  2 bullfrog skeletons
  16 iguanas
  12 orc wizards
  A hound zombie (D:5)
  7 gnolls
  A howler monkey skeleton (D:6)
  12 adders
  An ufetubus (D:7)
  2 adder skeletons (D:4)
  2 worms
  4 dart slugs
  64 orcs
  7 ball pythons
  5 bats
  7 endoplasms
  2 giant cockroaches
  4 hobgoblins
  10 jackals
  23 kobolds
  A quokka (D:1)
  16 frilled lizards
  9 goblins
  4 rats
386 creatures vanquished.

Vanquished Creatures (collateral kills)
  A blink frog (Lair:3)
1 creature vanquished.

Vanquished Creatures (others)
  26 fungi
  19 plants
45 creatures vanquished.

Grand Total: 432 creatures vanquished

Notes
Turn   | Place    | Note
-------+----------+-------------------------------------------
     0 | D:1      | Feb132020 the Gargoyle Earth Elementalist began the quest
                  | for the Orb.
     0 | D:1      | Reached XP level 1. HP: 10/10 MP: 3/3
   551 | D:1      | Reached XP level 2. HP: 15/15 MP: 5/5
   555 | D:1      | Learned a level 2 spell: Passwall
  1175 | D:1      | Reached skill level 4 in Earth Magic
  1406 | D:1      | Reached XP level 3. HP: 9/19 MP: 6/6
  1410 | D:1      | Learned a level 3 spell: Stone Arrow
  2290 | D:2      | Noticed Terence
  2498 | D:2      | Reached skill level 1 in Maces & Flails
  2987 | D:3      | Reached XP level 4. HP: 9/24 MP: 4/7
  3511 | D:3      | Found a white marble altar of Elyvilon.
  3838 | D:3      | Found a faded altar of an unknown god.
  3867 | D:3      | Reached XP level 5. HP: 21/28 MP: 0/9
  5373 | D:4      | Found a staircase to the Ecumenical Temple.
  5386 | D:4      | Reached XP level 6. HP: 10/33 MP: 3/11
  5604 | Temple   | Entered the Ecumenical Temple
  5725 | Temple   | Became a worshipper of Sif Muna the Loreminder
  6449 | D:5      | Entered Level 5 of the Dungeon
  6454 | D:4      | Reached skill level 5 in Earth Magic
  6727 | D:5      | Reached skill level 1 in Fighting
  6727 | D:5      | Reached XP level 7. HP: 18/38 MP: 4/12
  7575 | D:6      | Reached * piety under Sif Muna
  7805 | D:5      | Reached skill level 6 in Earth Magic
  7805 | D:5      | Reached XP level 8. HP: 24/43 MP: 14/14
  8410 | D:6      | Noticed Edmund
  8748 | D:6      | Noticed Menkaure
  8751 | D:6      | Killed Menkaure
  8992 | D:6      | Reached skill level 5 in Maces & Flails
  8992 | D:6      | Reached skill level 1 in Conjurations
  9302 | D:7      | Reached skill level 5 in Spellcasting
  9308 | D:7      | Found Bittuc Sorph's Antique Weapon Boutique.
  9326 | D:7      | Found a flagged portal.
  9366 | Bailey   | Entered a bailey
  9389 | Bailey   | Learned a level 5 spell: Lee's Rapid Deconstruction
  9389 | Bailey   | Noticed an orc warlord
  9633 | D:7      | Reached ** piety under Sif Muna
  9634 | D:7      | Reached skill level 7 in Earth Magic
  9829 | D:7      | Reached XP level 9. HP: 47/48 MP: 16/16
 10288 | D:7      | Found a shimmering altar of Xom.
 10288 | D:7      | Found an ornate altar of the Wu Jian Council.
 10290 | D:7      | Found a radiant altar of Vehumet.
 10912 | D:8      | Found Eroyreda's Weapon Shoppe.
 10996 | D:8      | Reached skill level 5 in Stealth
 11168 | D:8      | Found a staircase to the Lair.
 12292 | D:8      | Reached skill level 8 in Earth Magic
 13014 | Lair:1   | Entered Level 1 of the Lair of Beasts
 13053 | Lair:1   | Noticed a komodo dragon
 13059 | Lair:1   | Killed a komodo dragon
 13060 | Lair:1   | Reached XP level 10. HP: 56/56 MP: 9/19
 13341 | Lair:1   | Reached skill level 9 in Earth Magic
 14042 | Lair:1   | Reached *** piety under Sif Muna
 14252 | Lair:1   | Reached skill level 10 in Earth Magic
 14345 | Lair:1   | Learned a level 4 spell: Petrify
 14711 | Lair:1   | Reached XP level 11. HP: 62/62 MP: 8/23
 15291 | Lair:2   | Reached skill level 11 in Earth Magic
 15768 | Lair:2   | Reached skill level 5 in Dodging
 16074 | Lair:2   | Reached **** piety under Sif Muna
 16722 | Lair:2   | Found a radiant altar of Vehumet.
 16723 | Lair:2   | Noticed an oklob plant
 16903 | Lair:2   | Reached skill level 1 in Invocations
 17131 | Lair:3   | Noticed a death yak
 17151 | Lair:3   | Reached skill level 5 in Fighting
 17172 | Lair:3   | Found a gate leading to a gauntlet.
 17180 | Gauntlet | Entered a Gauntlet
 17180 | Gauntlet | Found a transporter.
 17345 | Gauntlet | Found a transporter.
 17348 | Gauntlet | Found a transporter.
 17349 | Gauntlet | Found a transporter.
 17353 | Gauntlet | Found a runed translucent door.
 17355 | Gauntlet | Found a runed translucent door.
 17357 | Gauntlet | Found a transporter.
 17360 | Gauntlet | Found a transporter.
 17361 | Gauntlet | Found a transporter.
 17362 | Gauntlet | Noticed a tengu warrior
 17367 | Gauntlet | Noticed a moth of wrath
 17373 | Gauntlet | Found a transporter.
 17380 | Gauntlet | Found a transporter.
 17380 | Gauntlet | Found a transporter.
 17382 | Gauntlet | Found a transporter.
 17382 | Gauntlet | Noticed an obsidian statue
 17385 | Gauntlet | Found a transporter.
 17386 | Gauntlet | Found a transporter.
 17388 | Gauntlet | Noticed a death scarab
 17396 | Gauntlet | Found a transporter.
 17398 | Gauntlet | Noticed a death scarab
 17496 | Lair:3   | Noticed a death yak
 17508 | Lair:3   | Noticed a death yak
 17508 | Lair:3   | Noticed a death yak
 17788 | Lair:2   | Reached XP level 12. HP: 43/68 MP: 14/25
 18713 | D:10     | Entered Level 10 of the Dungeon
 18827 | D:10     | Found a runed translucent door.
 19071 | D:10     | Noticed a two-headed ogre
 19095 | D:10     | Killed a two-headed ogre
 19096 | D:10     | Reached skill level 12 in Earth Magic
 19257 | D:10     | Found the +10 tower shield of Ignorance {rN+ Int-4}
 19263 | D:10     | Found a runed translucent door.
 19416 | D:10     | Noticed a two-headed ogre
 19423 | D:10     | Killed a two-headed ogre
 19424 | D:10     | Reached skill level 5 in Conjurations
 20422 | D:10     | Upgraded the game from 0.27-a0-1087-gf39c287674 to
                  | 0.27-a0-1099-g7f87ac42b0
 20915 | D:11     | Reached skill level 10 in Spellcasting
 20915 | D:11     | Reached skill level 5 in Invocations
 20989 | D:11     | Identified the +1 leather armour "Qapsisun" {*Corrode rN+
                  | Str+3}
 21060 | D:11     | Found Racuzac's Distillery.
 21120 | D:11     | Found a staircase to the Orcish Mines.
 21142 | D:11     | Found Goihitox's Armour Shop.
 21247 | D:11     | Bought a +1 pair of gloves of strength for 264 gold pieces
 21247 | D:11     | Bought a +2 cloak of stealth for 344 gold pieces
 21278 | D:11     | Found Lezaal's Magic Scroll Emporium.
 21282 | D:11     | Noticed a seven-headed hydra
 21290 | D:11     | Killed a seven-headed hydra
 21468 | D:11     | Found Leruran's Antique Weapon Emporium.
 21478 | D:11     | Found Kewecrot's Armour Shoppe.
 21595 | Orc:1    | Entered Level 1 of the Orcish Mines
 21595 | Orc:1    | Noticed Erica
 21599 | Orc:1    | Killed Erica
 21600 | Orc:1    | Reached skill level 1 in Armour
 21672 | Orc:1    | Reached XP level 13. HP: 74/74 MP: 17/27
 21831 | Orc:1    | You fall into a shaft and drop 1 floor!
 21831 | Orc:2    | Entered Level 2 of the Orcish Mines
 22230 | Orc:2    | Reached skill level 1 in Throwing
 22267 | Orc:2    | Reached ***** piety under Sif Muna
 22267 | Orc:2    | Received a gift from Sif Muna
 22391 | Orc:2    | Found a staircase to the Elven Halls.
 22645 | Orc:2    | Reached skill level 13 in Earth Magic
 22849 | Orc:2    | Reached skill level 1 in Shields
 23243 | Orc:2    | Found Paiwk's Antique Armour Shop.
 23309 | Orc:2    | Found Enatau's Antique Weapon Boutique.
 23477 | Orc:2    | Noticed an orc warlord
 23732 | Orc:1    | Noticed an ettin
 23795 | Orc:2    | Slain by an orc warrior

Illustrated notes

Levels and vault maps discovered:
D:1:      amcnicky_arrival_abandoned_market, layout_basic, minivault_24
D:2:      layout_basic, uniq_terence
D:3:      layout_loops_ring, elyvilon_altar_3,
          shapermc_ecumenical_altar_starsandcircs, st_stairs_2,
          minmay_goblin_kobold_house
D:4:      layout_loops_ring, minmay_temple_entry_stoned_glass
D:5:      layout_rooms
D:6:      layout_loops_ring, uniq_menkaure, uniq_edmund
D:7:      layout_basic, gammafunk_temple_overflow_forgotten, enter_bailey_2,
          serial_shops, nicolae_shop_waterfront
D:8:      layout_loops_ring, grunt_lair_entry_orc_guard_hut, serial_shops, shop
D:9:      layout_long_grid, hangedman_fish_farm
D:10:     layout_stronghold, chequers_serial_rivers_room_b,
          chequers_serial_rivers_micro_c, chequers_guarded_unrand_ignorance
D:11:     layout_cave_pools, orc_0_dummy, serial_shops,
          nicolae_shop_behind_doors, shop, nicolae_shop_statue_plus,
          nicolae_shop_behind_doors, nicolae_shop_waterfront
Temple:   dpeg_five_rooms_temple
Lair:1:   lemuel_reptile_caves, layout_big_grid, grunt_megastairs_3,
          lemuel_fruit_tree
Lair:2:   layout_gridlike, lemuel_oklob_altar
Lair:3:   layout_small_grid, shoals_dummy_entry, gauntlet_entry_generic,
          beast_lair_carwin_11
Orc:1:    layout_caves, basic_altar, uniq_erica
Orc:2:    grunt_orc_community_town_hall, layout_caves,
          grunt_orc_community_big_house_2, grunt_orc_community_big_house_2,
          grunt_orc_community_house_2, grunt_orc_community_house_3,
          grunt_orc_community_house_2, grunt_orc_community_house_3,
          grunt_orc_community_house_1, grunt_orc_community_house_2, basic_altar

Skill      XL: |  1  2  3  4  5  6  7  8  9 10 11 12 13 |
---------------+----------------------------------------+-----
Dodging        | 2 3 4 5 6 |  6.0
Earth Magic    | 4 5 6 7 8 10 11 12 13 | 13.1
Maces & Flails | 1 2 3 5 6 7 8 9 |  9.1
Stealth        | 3 4 5 6 |  6.0
Spellcasting   | 3 4 5 6 8 9 10 | 10.4
Fighting       | 1 2 3 4 5 6 |  6.1
Conjurations   | 1 2 3 4 5 |  5.6
Invocations    | 2 5 6 |  6.7
Armour         | 1 |  1.5
Throwing       | 1 |  1.0
Shields        | 2 |  2.1
Transmutations | |  0.9

Action                   |  1- 3 |  4- 6 |  7- 9 | 10-12 | 13-15 || total
-------------------------+-------+-------+-------+-------+-------++-------
Melee: Club              |   128 |    36 |       |       |       ||   164
       Whip              |       |   136 |   254 |    52 |       ||   442
       Mace              |       |       |       |   324 |   240 ||   564
Throw: Dart              |       |       |     3 |     4 |     3 ||    10
 Cast: Sandblast         |    20 |    41 |    57 |   118 |    40 ||   276
       Passwall          |     3 |       |       |     3 |       ||     6
       Stone Arrow       |     2 |     3 |    39 |   135 |    53 ||   232
       Lee's Rapid Decon |       |       |       |     5 |     6 ||    11
       Petrify           |       |       |       |     1 |       ||     1
  Use: Scroll            |     2 |     5 |    12 |    12 |     1 ||    32
       Potion            |       |     1 |     1 |       |     1 ||     3
 Stab: Sleeping          |     3 |     6 |     6 |     3 |     3 ||    21
       Distracted        |       |     1 |       |       |       ||     1
Armor: Robe              |    42 |    78 |   109 |   210 |       ||   439
       Leather armour    |       |    12 |       |    22 |    92 ||   126
Dodge: Dodged            |    91 |   101 |   167 |   284 |   103 ||   746
Block: Buckler           |       |    10 |       |       |    78 ||    88
       Other             |       |       |       |    10 |     4 ||    14
       Reflection        |       |       |       |       |     6 ||     6

Table legend: (Time is in decaauts)
 A = Elapsed time spent in this place.
 B = Non-inter-level travel time spent in this place.
 C = Inter-level travel time spent in this place.
 D = Time resting spent in this place.
 E = Time spent auto-exploring this place.
 F = Levels seen in this place.
 G = Mean time per level.
                   A        B        C        D        E       F      G
               +--------+--------+--------+--------+--------+-----+--------+
         Total |  23843 |  22818 |   1025 |   2255 |  16432 |  19 | 1254.9 |
       Dungeon |  16289 |  15491 |    798 |   1579 |  11562 |  11 | 1480.8 |
        Temple |    195 |    121 |     74 |      0 |    117 |   1 |  195.0 |
          Lair |   4608 |   4472 |    136 |    587 |   2969 |   3 | 1536.0 |
  Orcish Mines |   2201 |   2185 |     16 |     89 |   1346 |   2 | 1100.5 |
        Bailey |    251 |    251 |      0 |      0 |    151 |   1 |  251.0 |
      Gauntlet |    296 |    296 |      0 |      0 |    287 |   1 |  296.0 |
               +--------+--------+--------+--------+--------+-----+--------+

Top non-repeatable levels by time:
     D:3: 2360 daAuts
  Lair:1: 2217 daAuts
     D:1: 2033 daAuts
  Lair:2: 2019 daAuts
    D:10: 1950 daAuts
     D:7: 1813 daAuts
     D:8: 1805 daAuts
   Orc:2: 1728 daAuts
     D:4: 1322 daAuts
     D:5: 1283 daAuts
     D:6: 1168 daAuts
     D:2: 946 daAuts
    D:11: 933 daAuts
     D:9: 672 daAuts
   Orc:1: 473 daAuts
